 Dungeon Crawl Stone Soup version 0.24.0-13-gcf9b3192b9 (webtiles) character file.

Game seed: 7924194534373172990, levelgen mode: deterministic

8219 Emblim88 the Unseen (level 11, 0/52 HPs)
             Began as a Spriggan Enchanter on Nov 6, 2019.
             Was a Priest of Fedhas.
             Killed by divine providence
             ... invoked by an orc priest
              (16 damage)
             ... on level 10 of the Dungeon.
             The game lasted 01:25:08 (13480 turns).

Emblim88 the Unseen (Spriggan Enchanter)           Turns: 13480, Time: 01:25:08

Health: 0/52       AC:  2    Str:  2 (4)  XL:     11   Next: 7%
Magic:  12/19      EV: 21    Int: 17 (19) God:    Fedhas [***...]
Gold:   456        SH:  0    Dex: 20      Spells: 6/19 levels left

rFire    . . .     SeeInvis +   G - +4 dagger (chaos)
rCold    + . .     Gourm    .   (shield restricted)
rNeg     . . .     Faith    +   b - +0 robe
rPois    .         Spirit   .   (helmet restricted)
rElec    .         Reflect  .   h - scarf {repulsion}
rCorr    .         Harm     .   (gloves unavailable)
MR       +....                  (boots unavailable)
Stlth    ++++++....             g - amulet of faith
HPRegen  0.17/turn              v - ring of wizardry
MPRegen  0.16/turn              E - ring of protection from cold

@: lethally poisoned (0 -> -4), repel missiles, very quick
A: very small, unfitting armour, see invisible, agile 1, herbivore, speed 3,
slow metabolism 2
a: Wall of Briars, Grow Ballistomycete, Renounce Religion


You were on level 10 of the Dungeon.
You worshipped Fedhas.
Fedhas was most pleased with you.
You were not hungry.

You visited 1 branch of the dungeon, and saw 11 of its levels.

You collected 456 gold pieces.

Inventory:

Hand Weapons
 F - a +1 dagger of venom
 G - a +4 dagger of chaos (weapon)
Missiles
 l - 64 poisoned darts (quivered)
 A - 2 throwing nets
 L - 8 datura-tipped darts
 N - 4 boomerangs
Armour
 b - a +0 robe (worn)
 h - a scarf of repulsion (worn)
 n - a +0 cloak
Jewellery
 g - an amulet of faith (around neck)
 q - a +3 amulet of reflection
 v - a ring of wizardry (left hand)
 E - a ring of protection from cold (right hand)
 J - an uncursed ring of fire
Wands
 e - a wand of acid (11)
 s - a wand of paralysis (11)
 u - a wand of disintegration (12)
 y - a wand of random effects (9)
 D - a wand of enslavement (15)
 I - a wand of flame (20)
Scrolls
 a - a scroll of torment {unknown}
 i - 3 scrolls of remove curse
 j - 2 scrolls of magic mapping
 k - 2 scrolls of fog
 m - 4 scrolls of teleportation
 p - 2 scrolls of random uselessness
 r - 5 scrolls of immolation
 w - a scroll of amnesia
 C - a scroll of enchant weapon {unknown}
 H - a scroll of fear {unknown}
Potions
 c - a potion of might
 f - 2 potions of flight
 o - a potion of berserk rage
 t - a potion of magic
 z - a potion of resistance
Comestibles
 d - 18 rations


   Skills:
 + Level 3.0 Fighting
 + Level 8.1 Short Blades
 - Level 5.5 Dodging
 * Level 15.0 Stealth
 - Level 4.7 Spellcasting
 - Level 5.3 Hexes
 - Level 2.0 Ice Magic
 * Level 7.5 Invocations
 + Level 7.1 Evocations


You had 6 spell levels left.
You knew the following spells:

 Your Spells              Type           Power        Failure   Level  Hunger
a - Corona                Hex            ###....      1%          1    None
b - Ensorcelled Hibernat  Hex/Ice        ###...       1%          2    #......
c - Confuse               Hex            ###.....     1%          3    ###....
d - Tukima's Dance        Hex            ###.....     1%          3    ###....
e - Fulminant Prism       Conj/Hex       ##........   19%         4    ####...

Your spell library contained the following spells:

 Spells                   Type           Power        Failure   Level  Hunger
 Magic Dart               Conj           #...         6%          1    None
 Dazzling Spray           Conj/Hex       ##....       6%          3    ###....
 Searing Ray              Conj           #.....       9%          2    #......
 Force Lance              Conj/Tloc      #.......     47%         4    ####...
 Iskenderun's Mystic Bla  Conj           #.......     47%         4    ####...


Dungeon Overview and Level Annotations

Branches:
Dungeon (11/15)            Temple (0/1) D:7             Orc (0/2) D:10
   Lair: D:8-11

Altars:
Dithmenos
Elyvilon
Fedhas
Gozag
Hepliaklqana
Okawaru
Uskayaw
Vehumet
Zin
The Shining One

Annotations:
D:4 3 runed translucent doors, namelastname112's ghost, amateur DrAs
D:8 3 runed translucent doors
D:9 exclusion: statue
Abyss:1 Pikel


Innate Abilities, Weirdness & Mutations

You are very small and have problems with some larger weapons.
You are too small for most types of armour.
You have supernaturally acute eyesight. (SInv)
You are a herbivore.
You cover ground extremely quickly.
You need to consume almost no food.
You are agile. (Dex +2)


Message History

You closely miss the killer bee.
The killer bee is moderately wounded.
The killer bee stings you but does no damage.
Your wandering mushroom releases spores at the two-headed ogre zombie.
You closely miss the killer bee.
The killer bee is moderately wounded.
You feel sick. The killer bee completely misses you.
The two-headed ogre zombie hits your wandering mushroom.
The two-headed ogre zombie hits your wandering mushroom!
Your burning bush throws fire at the two-headed ogre zombie.
The puff of flame hits the orc zombie!
The orc zombie is destroyed!
Fedhas accepts your kill.
Your wandering mushroom releases spores at the two-headed ogre zombie!
The two-headed ogre zombie is destroyed!
Fedhas accepts your kill.
The orc priest calls down the wrath of Beogh upon you.
Beogh smites you!
You die...
Fedhas appreciates your contribution to the ecosystem.

..........###
.............
######....... #..#####
#..# #..# ####..#####
############PfP##.......
.......@y...†.o..####...
###############..#....8.
#..#..Z..Z #.Z#......
#..#...y.. #........o
#...Z.y... ....8...>.
####.......


You could see a killer bee, an orc priest, a friendly wandering mushroom, a
friendly burning bush and a friendly oklob sapling.

Vanquished Creatures
  Harold (D:10)
  A two-headed ogre (D:9)
  The ghost of RandomHacker the Cleaver, a novice MiBe of Trog (D:8)
  Maurice (D:8)
  Psyche (D:8)
  Prince Ribbit (D:8)
  A hippogriff (D:8)
  4 hogs (D:7)
  2 hungry ghosts
  A human (D:7)
  A two-headed ogre zombie (D:10)
  Menkaure (D:5)
  Edmund (D:4)
  2 orc warriors
  A black bear (D:6)
  3 sky beasts
  4 ogres
  An ice beast (D:5)
  2 centaurs
  6 bullfrogs
  A gnoll sergeant (D:7)
  9 killer bees (D:10)
  A scorpion (D:7)
  A water moccasin skeleton (D:4)
  A centaur zombie (D:5)
  4 crimson imps
  A quasit (D:7)
  5 hounds
  6 orc wizards
  2 orc priests (D:4)
  2 bullfrog skeletons (D:5)
  2 jellies
  An iguana (D:10)
  Natasha (thrice) (D:3)
  Terence (D:1)
  6 worker ants
  A centaur simulacrum (D:8)
  An ogre zombie (D:10)
  A human simulacrum (D:10)
  2 hound skeletons
  2 worker ant zombies
  5 gnolls (D:7)
  16 adders
  3 shadow imps
  A white imp (D:8)
  2 adder skeletons
  5 worms
  A dart slug (D:1)
  7 leopard geckos
  24 orcs
  11 giant cockroaches
  6 goblins (D:1)
  6 hobgoblins
  4 jackals
  4 quokkas
  7 bats
  6 frilled lizards
  A goblin skeleton (D:10)
  2 hobgoblin zombies (D:10)
  9 kobolds
  2 orc zombies (D:10)
  12 rats
223 creatures vanquished.

Vanquished Creatures (collateral kills)
  2 hungry ghosts (D:10)
  A two-headed ogre zombie (D:10)
  3 ice beasts (D:8)
  2 ogre zombies (D:10)
  2 white imps (D:8)
  A worker ant simulacrum (D:8)
  3 goblin zombies (D:10)
  An orc skeleton (D:10)
  11 orc zombies (D:10)
26 creatures vanquished.

Vanquished Creatures (others)
  A slave (D:9)
  An orc priest (D:9)
  A statue (D:9)
  A human simulacrum (D:10)
  2 orcs
  2 orc zombies (D:10)
8 creatures vanquished.

Grand Total: 257 creatures vanquished

Notes
Turn   | Place    | Note
-------+----------+-------------------------------------------
     0 | D:1      | Emblim88 the Spriggan Enchanter began the quest for the
                  | Orb.
     0 | D:1      | Reached XP level 1. HP: 9/9 MP: 5/5
   115 | D:1      | Reached XP level 2. HP: 12/13 MP: 6/6
   119 | D:1      | Learned a level 2 spell: Ensorcelled Hibernation
   282 | D:1      | Reached skill level 5 in Stealth
   797 | D:1      | Reached XP level 3. HP: 16/16 MP: 3/8
   921 | D:2      | Noticed Terence
  1607 | D:1      | Reached XP level 4. HP: 10/21 MP: 7/9
  1896 | D:1      | Killed Terence
  2057 | D:2      | Reached skill level 6 in Stealth
  2103 | D:2      | Found a blossoming altar of Fedhas.
  2109 | D:2      | Became a worshipper of Fedhas Madash
  2145 | D:2      | Learned a level 3 spell: Confuse
  2327 | D:3      | Found a faded altar of an unknown god.
  2536 | D:3      | Noticed Natasha
  2560 | D:3      | Killed Natasha
  2560 | D:3      | Reached XP level 5. HP: 16/24 MP: 5/11
  2927 | D:3      | Reached skill level 1 in Invocations
  3023 | D:3      | Noticed Natasha
  3032 | D:3      | Killed Natasha
  3099 | D:3      | Noticed Natasha
  3110 | D:3      | Killed Natasha
  3205 | D:3      | Reached * piety under Fedhas
  3486 | D:4      | Noticed Edmund
  3535 | D:4      | Found a runed translucent gate.
  3535 | D:4      | Found a runed translucent gate.
  3536 | D:4      | Found a runed translucent gate.
  3539 | D:4      | Noticed namelastname112's ghost (amateur DrAs)
  3580 | D:4      | Reached XP level 6. HP: 28/28 MP: 4/12
  3593 | D:4      | Reached skill level 1 in Ice Magic
  4195 | D:4      | Reached skill level 7 in Stealth
  4858 | D:4      | Reached ** piety under Fedhas
  5151 | D:4      | Killed Edmund
  5151 | D:4      | Reached XP level 7. HP: 15/32 MP: 8/14
  5356 | D:4      | Reached skill level 5 in Hexes
  5463 | D:5      | Entered Level 5 of the Dungeon
  5546 | D:5      | Reached skill level 8 in Stealth
  5664 | D:4      | Reached skill level 5 in Dodging
  5804 | D:5      | Reached XP level 8. HP: 36/36 MP: 15/15
  5897 | D:5      | Noticed Menkaure
  5911 | D:5      | Killed Menkaure
  6337 | D:5      | Reached skill level 9 in Stealth
  6777 | D:5      | Reached *** piety under Fedhas
  6780 | D:6      | Found a shadowy altar of Dithmenos.
  6947 | D:6      | Found a hazy altar of Hepliaklqana.
  7319 | D:6      | Reached skill level 5 in Short Blades
  7319 | D:6      | Reached skill level 10 in Stealth
  7376 | D:6      | Found an opulent altar of Gozag.
  7377 | D:6      | Found an iron altar of Okawaru.
  7438 | D:6      | Learned a level 3 spell: Tukima's Dance
  7482 | D:6      | Reached skill level 1 in Evocations
  7882 | D:7      | Found a staircase to the Ecumenical Temple.
  7973 | D:7      | Reached skill level 11 in Stealth
  8264 | D:7      | Reached XP level 9. HP: 39/39 MP: 10/17
  8702 | D:7      | Reached **** piety under Fedhas
  8989 | D:7      | Reached skill level 12 in Stealth
  8994 | D:7      | Reached skill level 5 in Invocations
  9189 | D:8      | Noticed Psyche
  9189 | D:8      | Noticed Maurice
  9191 | D:8      | Killed Maurice
  9195 | D:8      | Paralysed by Psyche for 2 turns
  9695 | D:8      | Reached skill level 13 in Stealth
  9695 | D:8      | Reached skill level 5 in Evocations
  9724 | D:8      | Noticed Prince Ribbit
  9733 | D:8      | Killed Psyche
  9965 | D:8      | Noticed RandomHacker's ghost (novice MiBe)
 10053 | D:8      | Found a runed translucent gate.
 10054 | D:8      | Found a runed translucent gate.
 10055 | D:8      | Found a runed translucent gate.
 10071 | D:8      | Reached XP level 10. HP: 40/44 MP: 18/18
 10259 | D:8      | Found a glowing golden altar of the Shining One.
 10259 | D:8      | Found a white marble altar of Elyvilon.
 10259 | D:8      | Found a glowing silver altar of Zin.
 10298 | D:8      | Killed Prince Ribbit
 10298 | D:8      | Reached skill level 1 in Fighting
 10544 | D:8      | Killed RandomHacker's ghost
 10897 | D:9      | Found a radiant altar of Vehumet.
 10915 | D:9      | Noticed Pikel
 10962 | D:9      | Banished Pikel
 10962 | D:9      | Reached skill level 14 in Stealth
 11122 | D:9      | Learned a level 4 spell: Fulminant Prism
 11236 | D:9      | Noticed a +0 dagger
 11237 | D:9      | Found a hide-covered altar of Uskayaw.
 11237 | D:9      | Noticed a +0 hand axe
 11631 | D:10     | Entered Level 10 of the Dungeon
 11655 | D:10     | Noticed Harold
 11859 | D:10     | Noticed a two-headed ogre
 11903 | D:10     | Found a white marble altar of Elyvilon.
 12302 | D:10     | Found a staircase to the Orcish Mines.
 12585 | D:10     | Gained mutation: You are agile. (Dex +2) [potion of
                  | mutation]
 12629 | D:9      | HP: 2/47 [poisoned by a killer bee]
 12938 | D:10     | Killed Harold
 13256 | D:9      | Killed a two-headed ogre
 13256 | D:9      | Reached XP level 11. HP: 51/51 MP: 12/19
 13447 | D:10     | Reached skill level 15 in Stealth
 13480 | D:10     | Killed from afar by an orc priest

Levels and vault maps discovered:
D:1:      lightli_arrival_windingriver, layout_basic
D:2:      layout_basic, fedhas_altar_4, kennysheep_generic_room_14, uniq_terence
D:3:      layout_basic, chequers_ecumenical_altar_simple_redux,
          serial_bayou_lagoon_b, uniq_natasha
D:4:      layout_loops_ring, gup_sewer_entry_spiral, first_ration,
          gammafunk_ghost_necromancy, uniq_edmund
D:5:      layout_basic, uniq_menkaure
D:6:      layout_loops_ring, nicolae_overflow_hidden_temple
D:7:      layout_basic, minmay_temple_entry_sparse_star, grunt_livestock,
          grunt_ministairs_12
D:8:      layout_loops_ring, good_gods_mini_temple, gammafunk_ghost_icy,
          uniq_prince_ribbit1, uniq_psyche, uniq_maurice
D:9:      layout_cave_pools, vehumet_statue, dancing_weapons_uskayaw,
          grunt_decor_resistance, uniq_pikel
D:10:     layout_long_grid, zombieorc2_lemuel, basic_altar, serial_shops,
          kennysheep_mini_moat, bh_circular_ruins, uniq_harold
D:11:     layout_rooms, due_lair_maze_entry_diamond,
          nicolae_tso_carved_into_rock, uniq_fannar

Skill      XL: |  1  2  3  4  5  6  7  8  9 10 11 |
---------------+----------------------------------+-----
Spellcasting   | 3 4 |  4.7
Stealth        | 5 6 7 8 11 13 14 15 | 15.0
Hexes          | 4 5 |  5.3
Short Blades   | 2 3 5 7 8 |  8.1
Dodging        | 4 5 |  5.5
Invocations    | 1 2 3 4 5 7 |  7.5
Ice Magic      | 1 2 |  2.0
Evocations     | 2 5 7 |  7.1
Fighting       | 2 3 |  3.0

Action                   |  1- 3 |  4- 6 |  7- 9 | 10-12 || total
-------------------------+-------+-------+-------+-------++-------
Melee: Dagger            |   126 |   164 |   182 |   160 ||   632
Throw: Dart              |       |    15 |       |       ||    15
 Cast: Corona            |     1 |       |       |       ||     1
       Ensorcelled Hiber |    36 |    62 |    74 |    58 ||   230
       Confuse           |       |    27 |    41 |    21 ||    89
       Tukima's Dance    |       |       |     1 |       ||     1
Invok: Overgrow          |       |       |       |     3 ||     3
       Wall of Briars    |       |       |       |     1 ||     1
Evoke: Wand              |       |       |     1 |       ||     1
  Use: Potion            |     3 |     2 |     1 |    10 ||    16
       Scroll            |       |     8 |     1 |     4 ||    13
 Stab: Sleeping          |    27 |    34 |    51 |    23 ||   135
       Confused          |       |    16 |    20 |    14 ||    50
       Distracted        |       |       |       |     3 ||     3
       Petrifying        |       |       |       |     2 ||     2
       Paralysed         |       |       |       |     2 ||     2
  Eat: Ration            |       |     5 |     4 |     5 ||    14
Armor: Robe              |    15 |    10 |     8 |     7 ||    40
Dodge: Dodged            |   103 |   147 |   127 |   137 ||   514
